 Dungeon Crawl Stone Soup version 0.30-a0-476-g330ca2eb8e (webtiles) character file.

Game seed: 10761528260053418908

78 tilp the Shield-Bearer (level 4, -2/40 HPs)
             Began as a Meteoran Fighter on Dec 21, 2022.
             Slain by a gnoll
             ... wielding a +0 spear
              (6 damage)
             ... on level 4 of the Dungeon.
             The game lasted 00:02:05 (377 turns).

tilp the Shield-Bearer (Meteoran Fighter)            Turns: 377, Time: 00:02:05

Health: -2/40      AC:  8    Str: 18    XL:     4   Next: 93%
Magic:  5/5        EV: 10    Int:  9    God:
Gold:   20         SH:  5    Dex: 15    Spells: 3/3 levels left

rFire   . . .      SeeInvis .    a - +0 long sword
rCold   . . .      Faith    .    c - +0 buckler
rNeg    . . .      Spirit   .    b - +0 scale mail
rPois   .          Reflect  .    (no helmet)
rElec   .          Harm     .    (no cloak)
rCorr   .          Rampage  .    (no gloves)
Will    .....                    f - +0 pair of boots
Stlth   ..........               (no amulet)
HPRegen 0.26/turn                (no ring)
MPRegen 0.09/turn                (no ring)

@: glowing
A: sense surroundings 1, otherworldly, glowing, explore regen
a: no special abilities


You were on level 4 of the Dungeon.
You visited 1 branch of the dungeon, and saw 4 of its levels.

You collected 20 gold pieces.

Inventory:

Hand Weapons
 a - a +0 long sword (weapon)
Missiles
 g - 2 javelins (quivered)
Armour
 b - a +0 scale mail (worn)
 c - a +0 buckler (worn)
 f - a +0 pair of boots (worn)
Scrolls
 e - a scroll of enchant armour {unknown}
 h - a scroll of teleportation {unknown}
Potions
 d - a potion of might
 i - a potion of curing {unknown}


   Skills:
 + Level 3.6 Fighting
 + Level 3.1 Long Blades
 - Level 4.0 Armour
 * Level 2.4 Dodging
 + Level 1.0 Stealth
 - Level 4.0 Shields


You had 3 spell levels left.
You didn't know any spells.
Your spell library contained the following spells:

 Spells                   Type           Power      Damage    Failure   Level
 Shock                    Conj/Air       0%         1d3       85%         1
 Swiftness                Air            0%         N/A       99%         3
 Airstrike                Air            0%         2d(0-16)  100%        4


Dungeon Overview and Level Annotations

Branches:
Dungeon (5/15) Zot: 1996
 Temple: D:4-7

Altars:

Shops:
D:2 ?


Innate Abilities, Weirdness & Mutations

You passively map a small area around you.
You are easily found by Zot.
You glow in the dark.
You regain HP and MP as you explore.


Message History

You hit the orc.
The orc is moderately wounded.
The orc barely misses you.
A gnoll comes into view. It is wielding a +0 flail.
You slash the orc!
You kill the orc!
Training target 4.0 for Shields reached!
Your Shields skill increases to level 4!
You barely miss the gnoll. The gnoll hits you with a +0 whip.
The gnoll closely misses you.
You completely miss the gnoll. The gnoll closely misses you.
You block the gnoll's attack. The gnoll hits you but does no damage.
The gnoll hits you with a +0 whip.
You barely miss the gnoll. You block the gnoll's attack.
The gnoll hits you from afar with a +0 spear.
* * * LOW HITPOINT WARNING * * *
You closely miss the gnoll. You block the gnoll's attack.
The gnoll closely misses you.
You barely miss the gnoll. The gnoll hits you but does no damage.
The gnoll barely misses you. You block the gnoll's attack.
The gnoll closely misses you.
You closely miss the gnoll. The gnoll hits you with a +0 whip.
* * * LOW HITPOINT WARNING * * *
You block the gnoll's attack.
You slash the gnoll!
The gnoll is heavily wounded.
The gnoll hits you with a +0 whip!
* * * LOW HITPOINT WARNING * * *
The gnoll hits you from afar with a +0 spear.
* * * LOW HITPOINT WARNING * * *
You slash the gnoll!
You kill the gnoll!
The gnoll closely misses you.
Training target 4.0 for Armour reached!
Your Armour skill increases to level 4!
Your Stealth skill increases to level 1!
Unknown command.
You completely miss the orc.
The gnoll hits you from afar with a +0 spear.
You die...

###* .. , .. , * .# *
*#.# , * , . * .###.#*
#.# ##, ,.. ....#. #.#
,.., ... , .##..####.#*
.##.... , .##.. ...., ,
..... .##.#
**#.########g.# ,,,
.##.# #.....†.@og.#, ,
.##.#####.#########.#**
..........# ,# * *
###.####### #.# ### *
** * ,* * , * * *, * *
* ,, , ,,** *


You could see 2 gnolls and an orc.

Vanquished Creatures
  A hound (D:4)
  2 gnolls (D:4)
  A dart slug (D:1)
  4 orcs (D:4)
  3 ball pythons (D:1)
  3 endoplasms
  2 giant cockroaches (D:1)
  3 jackals (D:1)
  A bat (D:1)
  A frilled lizard (D:1)
  A kobold (D:1)
  A rat (D:1)
23 creatures vanquished.

Notes
Turn   | Place    | Note
-------+----------+-------------------------------------------
     0 | D:1      | tilp the Meteoran Fighter began the quest for the Orb.
     0 | D:1      | Reached XP level 1. HP: 19/19 MP: 2/2
   153 | D:1      | Reached XP level 2. HP: 26/26 MP: 3/3
   163 | D:1      | Reached skill level 1 in Dodging
   239 | D:1      | Reached XP level 3. HP: 31/31 MP: 4/4
   247 | D:2      | Found Ceraun's Magic Scroll Shoppe.
   257 | D:2      | You fall into a shaft and drop 2 floors!
   307 | D:5      | Entered Level 5 of the Dungeon
   357 | D:4      | Reached XP level 4. HP: 38/39 MP: 5/5
   377 | D:4      | Reached skill level 1 in Stealth
   377 | D:4      | Slain by a gnoll

Illustrated notes

Levels and vault maps discovered:
D:1:      lemuel_arrival_hallway, layout_loops_ring
D:2:      layout_rooms, ebering_ecumenical_altar_rust, serial_shops, shop,
          minmay_pentomino_o2, uniq_crazy_yiuf_cottage, uniq_jessica
D:4:      minmay_chambers_of_threes, layout_loops_ring, uniq_sigmund
D:5:      layout_basic, grunt_temple_overflow_growth_and_decay

Skill      XL: |  1  2  3  4 |
---------------+-------------+-----
Dodging        | 1 2 |  2.4
Long Blades    | 3 |  3.1
Shields        | 4 |  4.0
Armour         | 4 |  4.0
Stealth        | 1 |  1.0
Fighting       | |  3.6

Action                   |  1- 3 |  4- 6 || total
-------------------------+-------+-------++-------
Melee: Long sword        |    68 |    16 ||    84
Armor: Scale mail        |    37 |     4 ||    41
Dodge: Dodged            |    25 |    12 ||    37
Block: Buckler           |    22 |     7 ||    29

Table legend: (Time is in decaauts)
 A = Elapsed time spent in this place.
 B = Non-inter-level travel time spent in this place.
 C = Inter-level travel time spent in this place.
 D = Time resting spent in this place.
 E = Time spent auto-exploring this place.
 F = Levels seen in this place.
 G = Mean time per level.
                   A        B        C        D        E       F      G
               +--------+--------+--------+--------+--------+-----+--------+
         Total |    402 |    371 |     31 |      0 |      0 |   4 |  100.5 |
       Dungeon |    402 |    371 |     31 |      0 |      0 |   4 |  100.5 |
               +--------+--------+--------+--------+--------+-----+--------+

Top non-repeatable levels by time:
     D:1: 263 daAuts
     D:4: 127 daAuts
     D:2: 9 daAuts
     D:5: 1 daAuts
